 Dungeon Sprint DCSS version 0.30-a0-50-gb2d611f6b1 (webtiles) character file.

Game seed: 1974856765249558643

22316 rocky1 the Hoplite (level 13, -4/112 HPs)
             Began as a Formicid Fighter on Sept 5, 2022.
             Was the Champion of Okawaru.
             Slain by an orc warlord
             ... wielding a +0 great mace
              (38 damage)
             ... in the Dungeon (Sprint VII: "The Pits").
             The game lasted 00:18:00 (5319 turns).

rocky1 the Hoplite (Formicid Fighter)               Turns: 5319, Time: 00:18:01

Health: -4/112     AC: 32    Str: 27    XL:     13   Next: 26%
Magic:  13/19      EV: 17    Int:  7    God:    Okawaru [******]
Gold:   49         SH: 27    Dex: 16    Spells: 12/12 levels left

rFire   . . .      SeeInvis +    s - +2 morningstar (protect)
rCold   + . .      Faith    .    t - +2 tower shield {rC+}
rNeg    . . .      Spirit   .    r - +4 chain mail
rPois   .          Reflect  .    (helmet unavailable)
rElec   .          Harm     .    (no cloak)
rCorr   .          Rampage  +    q - +0 pair of gloves
Will    +....                    c - +0 pair of boots {rampage}
Stlth   ..........               (no amulet)
HPRegen 0.28/turn                l - +3 ring of dexterity
MPRegen 0.16/turn                m - +3 ring of protection

@: heroic, finesse-ful, under a protective aura
A: permanent stasis, dig shafts and tunnels, antennae 3, four strong arms
a: Dig, Renounce Religion, Heroism, Finesse


You were in the Dungeon.
You worshipped Okawaru.
Okawaru was exalted by your worship.
You visited 1 branch You collected 49 gold pieces.

Inventory:

Hand Weapons
 a - a +1 broad axe of flaming
 b - a +2 whip of flaming
 j - a +1 vorpal mace
 k - a +0 giant club
 s - a +2 morningstar of protection (weapon)
 u - the +14 obsidian axe {vorpal, Mesm Drain Fly SInv}
   (Okawaru gifted it to you in the Dungeon)

   It inflicts extra damage upon your enemies.
   It occasionally summons demons to assist the wielder when it strikes in
   combat.
   Its wielder is mesmerised by any visible foes.
   It cannot be unequipped while any foes are visible.
   SInv:      It lets you see invisible.
   Fly:       It grants you flight.
   Drain:     It drains your maximum health when unequipped.
Missiles
 h - 11 javelins
 v - 3 silver javelins (quivered)
Armour
 c - a +0 pair of boots of rampaging (worn)
 p - a +0 pair of boots
 q - a +0 pair of gloves (worn)
 r - a +4 chain mail (worn)
 t - a +2 tower shield of cold resistance (worn)
Jewellery
 l - a +3 ring of dexterity (left hand)
 m - a +3 ring of protection (right hand)
 A - a +6 ring of dexterity
 B - a ring of protection from fire
 F - a ring of ice
Scrolls
 i - 6 scrolls of amnesia
 w - 2 scrolls of identify
 x - 4 scrolls of fog
 y - 2 scrolls of enchant weapon
 D - a scroll of fear
 E - a scroll of immolation
Potions
 d - 4 potions of might
 e - 8 potions of curing
 f - 12 potions of heal wounds
 g - 4 potions of magic
 n - 2 potions of brilliance
 o - a potion of resistance
 z - a potion of mutation
Miscellaneous
 C - a phial of floods


   Skills:
 + Level 13.8(18.8) Fighting
 + Level 0.0(15.1) Axes
 - Level 15.6(20.6) Maces & Flails
 + Level 7.6(12.6) Throwing
 + Level 12.7(17.7) Armour
 + Level 10.3(15.3) Dodging
 - Level 24.9(27) Shields
 - Level 8.7 Invocations


You had 12 spell levels left.
You didn't know any spells.
Your spell library was empty.

Dungeon Overview and Level Annotations

Branches:
Dungeon (1/1)

Altars:
Ashenzari
Cheibriados
Dithmenos
Elyvilon
Fedhas
Gozag
Hepliaklqana
Kikubaaqudgha
Makhleb
Nemelex Xobeh
Okawaru
Qazlal
Ru
Sif Muna
Trog
Uskayaw
Vehumet
Wu Jian
Xom
Yredelemnul
Zin
The Shining One
Jiyva
Lugonu


Innate Abilities, Weirdness & Mutations

You cannot be hasted, slowed, berserked, paralysed or teleported.
You can dig through walls and to a lower floor.
You have a pair of large antennae on your head. (SInv)
Your four strong arms can wield two-handed weapons with a shield.


Message History

You hit the orc warlord.
The orc warlord is lightly wounded.
You block the orc warlord's attack.
The orc warlord roars a battlecry!
You hit the orc warlord but do no damage.
The orc warlord is lightly wounded.
You sock the orc warlord!
The orc warlord is moderately wounded.
You hit the orc warlord.
The orc warlord is moderately wounded.
You block the orc warlord's attack.
You hit the orc warlord but do no damage.
The orc warlord is moderately wounded.
You hit the orc warlord.
The orc warlord is moderately wounded.
You block the orc warlord's attack.
You barely miss the orc warlord.
The orc warlord is moderately wounded.
You puncture the orc warlord!
The orc warlord is moderately wounded.
You bludgeon the orc warlord!!
The orc warlord is heavily wounded.
The orc warlord completely misses you.
An orc knight comes into view. It is wielding a +0 war axe.
The orc warlord hits you with a +1 great sword of flaming!!
The orc warlord burns you.
You hit the orc warlord.
The orc warlord is heavily wounded.
You sock the orc warlord!
The orc warlord is severely wounded.
You closely miss the orc warlord.
The orc warlord is severely wounded.
The orc warlord hits you with a +1 great sword of flaming!!
The orc warlord burns you!
You rampage towards the orc knight!
You impale the orc knight!!
The orc knight is heavily wounded.
The orc knight attacks as you move away!
The orc knight hits you but does no damage.
The orc warlord hits you with a +0 great mace!!!
You die...

.....# {{{ .....# {{{ {{ ..#..#
.....+ { {{ .....+ {{ { {
###++#
#++############################
#.............oo....[..........
#.............@o....(..........
#..##############''############
#))# #......# #..# #......#
#..# {{ #......# {{ #..#
###..### #..# { {{ ..o. { #).#
{ .o.o ###))# o.o.#


You could see 2 orc warlords and an orc knight (strong).

Vanquished Creatures
  An eidolon (D)
  A mummy priest (D)
  A merfolk avatar (D)
  A two-headed ogre (D)
  A death yak (D)
  Urug (D)
  An orc high priest (D)
  2 fire crabs (D)
  2 deep trolls (D)
  2 shadow wraiths (D)
  A sea snake (D)
  A bog body (D)
  A flayed ghost (D)
  A lindwurm (D)
  A phantasmal warrior (D)
  Pikel (D)
  A deep elf zephyrmancer (D)
  7 orc knights (D)
  An orc sorcerer (D)
  3 slime creatures (D)
  An elephant (D)
  2 rime drakes (D)
  An unseen horror (D)
  An efreet (D)
  2 komodo dragons (D)
  A guardian mummy (D)
  2 trolls (D)
  A polar bear (D)
  4 blink frogs (D)
  5 dream sheep (D)
  An air elemental (D)
  4 yaks (D)
  A shadow (D)
  A fire elemental (D)
  5 vampire mosquitoes (D)
  A redback (D)
  A warg (D)
  A swamp drake (D)
  2 black bears (D)
  3 orc warriors (D)
  6 wolves (D)
  An ogre (D)
  A centaur (D)
  An earth elemental (D)
  A necrophage (D)
  2 quasits (D)
  2 iron imps (D)
  A jelly (D)
  2 orc priests (D)
  A gnoll bouda (D)
  An orc wizard (D)
  4 gnolls (D)
  3 adders (D)
  An ufetubus (D)
  3 adder skeletons (D)
  6 orcs (D)
  2 giant cockroaches (D)
  2 hobgoblins (D)
  A jackal (D)
  2 quokkas (D)
  A bat (D)
  2 frilled lizards (D)
  A rat (D)
118 creatures vanquished.

Vanquished Creatures (others)
  A jackal (D)
1 creature vanquished.

Grand Total: 119 creatures vanquished

Notes
Turn   | Place    | Note
-------+----------+-------------------------------------------
     0 | D        | rocky1 the Formicid Fighter began the quest for the Orb.
     0 | D        | Reached XP level 1. HP: 18/18 MP: 1/1
    20 | D        | Found a bloodstained altar of Trog.
    20 | D        | Found a shimmering blue altar of Sif Muna.
    20 | D        | Found a viscous altar of Jiyva.
    20 | D        | Found a hazy altar of Hepliaklqana.
    20 | D        | Found an opulent altar of Gozag.
    21 | D        | Found a glowing golden altar of the Shining One.
    21 | D        | Found a glowing silver altar of Zin.
    21 | D        | Found a basalt altar of Yredelemnul.
    21 | D        | Found a shimmering altar of Xom.
    21 | D        | Found an ornate altar of the Wu Jian Council.
    21 | D        | Found a sacrificial altar of Ru.
    21 | D        | Found a stormy altar of Qazlal.
    21 | D        | Found an iron altar of Okawaru.
    21 | D        | Found a sparkling altar of Nemelex Xobeh.
    21 | D        | Found a burning altar of Makhleb.
    21 | D        | Found a blossoming altar of Fedhas.
    21 | D        | Found a white marble altar of Elyvilon.
    21 | D        | Found a shadowy altar of Dithmenos.
    21 | D        | Found a snail-covered altar of Cheibriados.
    23 | D        | Found a radiant altar of Vehumet.
    23 | D        | Found a corrupted altar of Lugonu.
    24 | D        | Found a hide-covered altar of Uskayaw.
    24 | D        | Found an ancient bone altar of Kikubaaqudgha.
    24 | D        | Found a broken altar of Ashenzari.
    29 | D        | Became a worshipper of Warmaster Okawaru
    81 | D        | Reached skill level 5 in Shields
    81 | D        | Reached XP level 2. HP: 12/25 MP: 2/2
   242 | D        | Reached skill level 6 in Shields
   242 | D        | Reached XP level 3. HP: 31/31 MP: 3/3
   441 | D        | Noticed a black bear
   465 | D        | Killed a black bear
   466 | D        | Reached skill level 5 in Fighting
   466 | D        | Reached skill level 8 in Shields
   466 | D        | Reached XP level 4. HP: 25/40 MP: 4/4
   466 | D        | Reached XP level 5. HP: 29/46 MP: 5/5
   474 | D        | Reached skill level 9 in Shields
   585 | D        | Noticed a black bear
   597 | D        | Killed a black bear
   598 | D        | Reached skill level 10 in Shields
   598 | D        | Reached XP level 6. HP: 37/53 MP: 6/6
   611 | D        | Reached skill level 1 in Dodging
   611 | D        | Reached skill level 11 in Shields
   626 | D        | Reached XP level 7. HP: 37/60 MP: 7/7
  1037 | D        | Noticed an unseen horror
  1047 | D        | Killed an unseen horror
  1047 | D        | Reached * piety under Okawaru
  1047 | D        | Reached ** piety under Okawaru
  1048 | D        | Reached skill level 5 in Armour
  1048 | D        | Reached skill level 12 in Shields
  1293 | D        | Noticed Pikel
  1303 | D        | Killed Pikel
  1304 | D        | Reached skill level 10 in Maces & Flails
  1304 | D        | Reached skill level 13 in Shields
  1304 | D        | Reached XP level 8. HP: 50/69 MP: 8/8
  1408 | D        | Noticed a two-headed ogre
  1408 | D        | Noticed an efreet
  1418 | D        | Killed an efreet
  1418 | D        | Reached *** piety under Okawaru
  1419 | D        | Reached skill level 14 in Shields
  1428 | D        | Killed a two-headed ogre
  1428 | D        | Received a gift from Okawaru
  1429 | D        | Reached skill level 5 in Dodging
  1429 | D        | Reached skill level 15 in Shields
  1429 | D        | Reached XP level 9. HP: 13/77 MP: 7/9
  1993 | D        | Reached **** piety under Okawaru
  1994 | D        | Reached skill level 10 in Fighting
  1996 | D        | Reached skill level 16 in Shields
  1998 | D        | Reached XP level 10. HP: 46/85 MP: 8/10
  2273 | D        | Noticed a rime drake
  2288 | D        | Killed a rime drake
  2288 | D        | Reached ***** piety under Okawaru
  2494 | D        | Noticed an elephant
  2504 | D        | Killed an elephant
  2505 | D        | Reached skill level 17 in Shields
  2611 | D        | Noticed a komodo dragon
  2615 | D        | Killed a komodo dragon
  2729 | D        | Noticed a komodo dragon
  2729 | D        | Noticed a bog body
  2732 | D        | Killed a komodo dragon
  2733 | D        | Reached skill level 1 in Invocations
  2737 | D        | Killed a bog body
  2737 | D        | Received a gift from Okawaru
  2737 | D        | Reached ****** piety under Okawaru
  2738 | D        | Reached skill level 1 in Throwing
  2738 | D        | Noticed a lindwurm
  2745 | D        | Killed a lindwurm
  2746 | D        | Reached skill level 10 in Armour
  2746 | D        | Reached skill level 18 in Shields
  2746 | D        | Reached XP level 11. HP: 93/93 MP: 10/13
  2833 | D        | Noticed a deep elf zephyrmancer
  2833 | D        | Noticed a deep troll
  2851 | D        | Killed a deep troll
  2863 | D        | Noticed a mummy priest
  2863 | D        | Noticed an orc sorcerer
  2867 | D        | Killed a deep elf zephyrmancer
  2882 | D        | Reached skill level 5 in Invocations
  2894 | D        | Killed a mummy priest
  2898 | D        | Killed an orc sorcerer
  2914 | D        | Noticed an orc high priest
  2931 | D        | Killed an orc high priest
  2932 | D        | Reached skill level 5 in Throwing
  3173 | D        | Noticed Urug
  3218 | D        | Killed Urug
  3223 | D        | Reached skill level 19 in Shields
  3231 | D        | Received a gift from Okawaru
  3263 | D        | Reached XP level 12. HP: 56/103 MP: 17/17
  3270 | D        | Reached skill level 15 in Maces & Flails
  3297 | D        | Noticed a sea snake
  3311 | D        | Killed a sea snake
  3311 | D        | Received a gift from Okawaru
  3311 | D        | Found the +14 obsidian axe {vorpal, Mesm Drain Fly SInv}
  3445 | D        | Noticed a flayed ghost
  3545 | D        | Killed a flayed ghost
  3584 | D        | Noticed a merfolk avatar
  3603 | D        | Killed a merfolk avatar
  3873 | D        | Noticed a deep troll
  3878 | D        | Reached skill level 10 in Dodging
  3885 | D        | Killed a deep troll
  3988 | D        | Noticed a death yak
  3996 | D        | Killed a death yak
  4038 | D        | Noticed a fire crab
  4040 | D        | Noticed a shadow wraith
  4045 | D        | Killed a fire crab
  4045 | D        | Received a gift from Okawaru
  4046 | D        | Reached skill level 20 in Shields
  4047 | D        | Killed a shadow wraith
  4047 | D        | Received a gift from Okawaru
  4210 | D        | Noticed a shadow wraith
  4219 | D        | Killed a shadow wraith
  4220 | D        | Reached skill level 21 in Shields
  4536 | D        | Noticed an eidolon
  4568 | D        | Killed an eidolon
  4568 | D        | Received a gift from Okawaru
  4569 | D        | Reached skill level 22 in Shields
  4974 | D        | Noticed an orc warlord
  4975 | D        | Noticed an orc warlord
  5008 | D        | Received a gift from Okawaru
  5009 | D        | Reached XP level 13. HP: 112/112 MP: 11/19
  5015 | D        | Reached skill level 23 in Shields
  5164 | D        | Reached skill level 24 in Shields
  5319 | D        | Slain by an orc warlord

Illustrated notes

Levels and vault maps discovered:
D:        pitsprint [storerooms_1, entrance_room_1, metal_vault_6, armoury_1,
          mini_pit_1, grid_room_1, main_hall_1, silver_pit, the_coven_3,
          the_vestibule_1, steel_vault_2, golden_pit, hallway_of_sentries,
          crystal_vault_2, iron_vault_3, final_vault]

Skill      XL: |  1  2  3  4  5  6  7  8  9 10 11 12 13 |
---------------+----------------------------------------+-----
Maces & Flails | 3 4 6 7 8 10 11 12 14 15 | 15.6
Shields        | 5 6 8 10 11 13 15 16 18 19 22 24 | 24.9
Fighting       | 4 5 6 7 8 9 10 11 12 13 | 13.8
Dodging        | 2 4 5 6 7 9 10 | 10.3
Armour         | 4 6 7 8 10 11 12 | 12.7
Invocations    | 3 7 8 |  8.7
Throwing       | 2 5 7 |  7.6

Action                   |  1- 3 |  4- 6 |  7- 9 | 10-12 | 13-15 || total
-------------------------+-------+-------+-------+-------+-------++-------
Melee: Flail             |    55 |     8 |       |       |       ||    63
       Mace              |       |    27 |    47 |       |       ||    74
       Morningstar       |       |       |    23 |   409 |    91 ||   523
Throw: Javelin           |       |       |       |     9 |       ||     9
Invok: Heroism           |       |       |     2 |     5 |     1 ||     8
       Finesse           |       |       |       |     3 |     1 ||     4
  Use: Potion            |     2 |     1 |       |     3 |       ||     6
 Stab: Invisible         |     2 |     5 |     1 |       |       ||     8
Armor: Scale mail        |    43 |       |       |       |       ||    43
       Ring mail         |       |    13 |     9 |       |       ||    22
       Chain mail        |       |       |    19 |   136 |    10 ||   165
Dodge: Dodged            |    41 |    18 |    35 |   159 |     6 ||   259
Block: Buckler           |    26 |    19 |    23 |   120 |       ||   188
       Tower shield      |       |       |       |    69 |    50 ||   119

Table legend: (Time is in decaauts)
 A = Elapsed time spent in this place.
 B = Non-inter-level travel time spent in this place.
 C = Inter-level travel time spent in this place.
 D = Time resting spent in this place.
 E = Time spent auto-exploring this place.
 F = Levels seen in this place.
 G = Mean time per level.
                   A        B        C        D        E       F      G
               +--------+--------+--------+--------+--------+-----+--------+
         Total |   5172 |   5130 |     42 |   3605 |      0 |   1 | 5172.0 |
       Dungeon |   5172 |   5130 |     42 |   3605 |      0 |   1 | 5172.0 |
               +--------+--------+--------+--------+--------+-----+--------+

Top non-repeatable levels by time:
       D: 5172 daAuts
